 Dungeon Crawl Stone Soup version 0.29.0-4-gdea44cf6ec (webtiles) character file.

Game seed: 2093601457450260187

61 qw the Caller (level 4, 0/36 HPs)
             Began as a Ghoul Summoner on Sept 10, 2022.
             Constricted to death by Ijyb (4 damage)
             ... on level 3 of the Dungeon.
             The game lasted 00:01:03 (2954 turns).

qw the Caller (Ghoul Summoner)                      Turns: 2954, Time: 00:01:04

Health: 0/36       AC:  8    Str: 13    XL:     4   Next: 7%
Magic:  5/5        EV:  2    Int: 10    God:
Gold:   86         SH:  0    Dex:  9    Spells: 5/6 levels left

rFire   . . .      SeeInvis .   Y - +2 short sword
rCold   + . .      Faith    .   (no shield)
rNeg    + + +      Spirit   .   h - +0 chain mail
rPois   inf        Reflect  .   (no helmet)
rElec   .          Harm     .   (no cloak)
rCorr   .          Rampage  .   (no gloves)
Will    .....                   (no boots)
Stlth   ..........              (no amulet)
HPRegen 0.00/turn               (no ring)
MPRegen 0.09/turn               (no ring)

@: grasped by roots, inhibited regen, constricted
A: claws 1, cold resistance 1, negative energy resistance 3, inhibited
regeneration, torment resistance 2, devour on kill
a: no special abilities


You were on level 3 of the Dungeon.
You visited 1 branch of the dungeon, and saw 3 of its levels.

You collected 86 gold pieces.


Innate Abilities, Weirdness & Mutations

You are immune to poison.
You have sharp fingernails.
Your flesh is cold resistant. (rC+)
You are immune to negative energy. (rN+++)
You do not regenerate when monsters are visible.
You are immune to unholy pain and torment.
You thrive by killing the living.


   Skills:
 - Level 2.0 Fighting
 + Level 2.5 Axes
 - Level 1.7 Dodging
 - Level 2.1 Stealth
 - Level 1.7 Spellcasting
 - Level 3.6 Summonings


You had 5 spell levels left.
You knew the following spells:

 Your Spells              Type           Power      Damage    Failure   Level
a - Summon Small Mammal   Summ           32%        N/A       95%         1

Your spell library contained the following spells:

 Spells                   Type           Power      Damage    Failure   Level
 Call Imp                 Summ           8%         N/A       99%         2
 Call Canine Familiar     Summ           8%         N/A       100%        3
 Summon Guardian Golem    Hex/Summ       4%         N/A       100%        3
 Summon Lightning Spire   Summ/Air       4%         N/A       100%        4

Inventory:

Hand Weapons
 Y - a +2 short sword (weapon)
Armour
 h - a +0 chain mail (worn)
Jewellery
 d - a ring of ice
Scrolls
 f - 2 scrolls of identify
Potions
 e - a potion of might

Dungeon Overview and Level Annotations

Branches:
Dungeon (3/15)

Altars:

Shops:
D:1 =

Annotations:
D:3 Ijyb


Message History

Ijyb hits you but does no damage. The grasping roots constrict you.
The grasping roots release their grip on you.
You hit Ijyb.
Ijyb is moderately wounded.
Ijyb hits you but does no damage.
You hit Ijyb.
Ijyb is heavily wounded.
Ijyb hits you with a +0 club.
Ijyb zaps a wand.
The roots erupt in riotous growth!
The grasping roots grab you!
Ijyb is unaffected.
The grasping roots constrict you.
You hit Ijyb but do no damage.
Ijyb is heavily wounded.
Ijyb hits you with a +0 club. The grasping roots constrict you.
You hit Ijyb but do no damage.
Ijyb is heavily wounded.
Ijyb hits you but does no damage. The grasping roots constrict you.
The grasping roots release their grip on you.
You hit Ijyb.
Ijyb is heavily wounded.
Ijyb drinks a potion.
Ijyb is healed!
You hit Ijyb but do no damage. Ijyb hits you but does no damage.
You barely miss Ijyb. Ijyb hits you with a +0 club.
You hit Ijyb but do no damage. Ijyb barely misses you.
You hit Ijyb but do no damage.
Ijyb screams, "Me very upset!"
Ijyb hits you with a +0 club.
You hit Ijyb but do no damage. Ijyb hits you with a +0 club.
You closely miss Ijyb.
Ijyb zaps a wand.
The roots erupt in riotous growth!
The grasping roots grab you!
Ijyb is unaffected.
The now-empty wand crumbles to dust.
The grasping roots constrict you.
You hit Ijyb but do no damage. Ijyb hits you with a +0 club.
The grasping roots constrict you.
You die... #######################. ................@g...... #######################.

You could see Ijyb.

Vanquished Creatures
  An adder (D:2)
  A dart slug (D:2)
  A ball python (D:1)
  4 bats
  2 endoplasms (D:2)
  3 giant cockroaches
  4 goblins
  3 hobgoblins
  2 jackals (D:1)
  3 kobolds
  2 quokkas
  2 frilled lizards
  4 rats
32 creatures vanquished.

Vanquished Creatures (collateral kills)
  An endoplasm (D:1)
  2 goblins (D:1)
  A hobgoblin (D:1)
  2 jackals (D:1)
  2 ball pythons (D:1)
  3 frilled lizards (D:1)
  2 rats (D:1)
13 creatures vanquished.

Grand Total: 45 creatures vanquished

Notes
Turn   | Place    | Note
-------+----------+-------------------------------------------
     0 | D:1      | qw the Ghoul Summoner began the quest for the Orb.
     0 | D:1      | Reached XP level 1. HP: 14/14 MP: 2/2
     0 | D:1      | 0 ||| qw: Version: 0.1-a-116-g5d60599
     0 | D:1      | 0 ||| qw: Game counter: 7631
     0 | D:1      | 0 ||| qw: Always use a shield: true
     0 | D:1      | 0 ||| qw: God list: Okawaru
     0 | D:1      | 0 ||| qw: Allow faded altars: false
     0 | D:1      | 0 ||| qw: Do Orc after D:15 true
     0 | D:1      | 0 ||| qw: Do second Lair branch before Depths: true
     0 | D:1      | 0 ||| qw: Lair rune preference: random
     0 | D:1      | 0 ||| qw: Plans: Normal
     0 | D:1      | 0 ||| PLANNING D:1-11
    37 | D:1      | 37 ||| CASTING Summon Small Mammal
    38 | D:1      | 38 ||| CASTING Summon Small Mammal
    78 | D:1      | 78 ||| CASTING Summon Small Mammal
    79 | D:1      | 79 ||| CASTING Summon Small Mammal
    91 | D:1      | 91 ||| CASTING Summon Small Mammal
   303 | D:1      | 303 ||| Wielding weapon +0 club.
   304 | D:1      | 304 ||| SWAPPING to +0 short sword.
   305 | D:1      | 305 ||| DROPPING +0 club.
   307 | D:1      | 307 ||| CASTING Summon Small Mammal
   308 | D:1      | 308 ||| CASTING Summon Small Mammal
   319 | D:1      | 319 ||| CASTING Summon Small Mammal
   320 | D:1      | Reached skill level 1 in Axes
   351 | D:1      | Found Dedghotuist's Jewellery Emporium.
   356 | D:1      | 356 ||| CASTING Summon Small Mammal
   357 | D:1      | 357 ||| CASTING Summon Small Mammal
   369 | D:1      | 369 ||| SHOPLISTING +6 ring of dexterity (396 gold, have
                  | 12).
   369 | D:1      | 369 ||| SHOPLISTING ring "Xohetasy" {rF+ rN++ Dex-4} (375
                  | gold, have 12).
   369 | D:1      | 369 ||| SHOPLISTING ring of Ciah {rF+ rN+} (398 gold, have
                  | 12).
   369 | D:1      | 369 ||| SHOPLISTING ring of resist corrosion (220 gold,
                  | have 12).
   369 | D:1      | 369 ||| SHOPLISTING ring of see invisible (165 gold, have
                  | 12).
   369 | D:1      | 369 ||| CASTING Summon Small Mammal
   475 | D:1      | 475 ||| CASTING Summon Small Mammal
   476 | D:1      | 476 ||| CASTING Summon Small Mammal
   484 | D:1      | Reached skill level 1 in Fighting
   484 | D:1      | Reached XP level 2. HP: 23/23 MP: 0/3
   487 | D:1      | 487 ||| CASTING Summon Small Mammal
   499 | D:1      | 499 ||| CASTING Summon Small Mammal
   616 | D:1      | 616 ||| CASTING Summon Small Mammal
   617 | D:1      | 617 ||| CASTING Summon Small Mammal
   618 | D:1      | 618 ||| CASTING Summon Small Mammal
   628 | D:1      | 628 ||| CASTING Summon Small Mammal
   640 | D:1      | 640 ||| CASTING Summon Small Mammal
   652 | D:1      | 652 ||| CASTING Summon Small Mammal
   797 | D:1      | 797 ||| CASTING Summon Small Mammal
   798 | D:1      | 798 ||| CASTING Summon Small Mammal
   799 | D:1      | 799 ||| CASTING Summon Small Mammal
   854 | D:1      | 854 ||| Stepping ~*~*~tactically~*~*~ (stealth).
   856 | D:1      | 856 ||| Stepping ~*~*~tactically~*~*~ (stealth).
   857 | D:1      | 857 ||| CASTING Summon Small Mammal
   858 | D:1      | 858 ||| CASTING Summon Small Mammal
   859 | D:1      | 859 ||| CASTING Summon Small Mammal
   888 | D:1      | 888 ||| CASTING Summon Small Mammal
   889 | D:1      | 889 ||| CASTING Summon Small Mammal
   954 | D:1      | 954 ||| CASTING Summon Small Mammal
   955 | D:1      | 955 ||| CASTING Summon Small Mammal
   956 | D:1      | 956 ||| CASTING Summon Small Mammal
  1007 | D:1      | 1007 ||| CASTING Summon Small Mammal
  1008 | D:1      | 1008 ||| CASTING Summon Small Mammal
  1009 | D:1      | 1009 ||| CASTING Summon Small Mammal
  1019 | D:1      | 1019 ||| CASTING Summon Small Mammal
  1031 | D:1      | 1031 ||| CASTING Summon Small Mammal
  1200 | D:1      | 1200 ||| CASTING Summon Small Mammal
  1201 | D:1      | 1201 ||| CASTING Summon Small Mammal
  1202 | D:1      | 1202 ||| CASTING Summon Small Mammal
  1325 | D:1      | 1325 ||| CASTING Summon Small Mammal
  1326 | D:1      | 1326 ||| CASTING Summon Small Mammal
  1327 | D:1      | 1327 ||| CASTING Summon Small Mammal
  1337 | D:1      | 1337 ||| CASTING Summon Small Mammal
  1420 | D:1      | 1420 ||| CASTING Summon Small Mammal
  1421 | D:1      | 1421 ||| CASTING Summon Small Mammal
  1422 | D:1      | 1422 ||| CASTING Summon Small Mammal
  1429 | D:1      | Reached XP level 3. HP: 27/28 MP: 0/4
  1473 | D:1      | 1473 ||| CASTING Summon Small Mammal
  1474 | D:1      | 1474 ||| CASTING Summon Small Mammal
  1475 | D:1      | 1475 ||| CASTING Summon Small Mammal
  1476 | D:1      | 1476 ||| CASTING Summon Small Mammal
  1544 | D:1      | 1544 ||| CASTING Summon Small Mammal
  1545 | D:1      | 1545 ||| CASTING Summon Small Mammal
  1546 | D:1      | 1546 ||| CASTING Summon Small Mammal
  1547 | D:1      | 1547 ||| CASTING Summon Small Mammal
  1599 | D:1      | 1599 ||| CASTING Summon Small Mammal
  1600 | D:1      | 1600 ||| CASTING Summon Small Mammal
  1601 | D:1      | 1601 ||| CASTING Summon Small Mammal
  1602 | D:1      | 1602 ||| CASTING Summon Small Mammal
  1610 | D:1      | 1610 ||| CASTING Summon Small Mammal
  1620 | D:1      | 1620 ||| CASTING Summon Small Mammal
  1630 | D:1      | 1630 ||| CASTING Summon Small Mammal
  1854 | D:1      | 1854 ||| UPGRADING to +0 ring mail.
  1864 | D:1      | 1864 ||| DROPPING +0 robe.
  1865 | D:1      | 1865 ||| UPGRADING to +0 chain mail.
  1875 | D:1      | 1875 ||| DROPPING +0 ring mail.
  1876 | D:1      | 1876 ||| READING 3 scrolls labelled PUL AREUVVAH.
  1877 | D:1      | 1877 ||| READING 2 scrolls labelled FAFYLO FUDORU.
  1878 | D:1      | 1878 ||| READING scroll of enchant weapon.
  1878 | D:1      | 1878 ||| ENCHANTING +1 short sword.
  1879 | D:1      | 1879 ||| READING scroll labelled XUCAC SODOHESU.
  1880 | D:1      | 1880 ||| DRINKING 2 fizzy dark potions.
  1881 | D:1      | 1881 ||| READING 2 scrolls of identify.
  1881 | D:1      | 1881 ||| IDENTIFYING dark potion
  1882 | D:1      | 1882 ||| DROPPING potion of magic.
  1883 | D:1      | 1883 ||| DROPPING potion of flight.
  2455 | D:2      | Found a faded altar of an unknown god.
  2579 | D:2      | Reached XP level 4. HP: 36/36 MP: 5/5
  2781 | D:2      | 2781 ||| READING scroll labelled LOIZXA GY IRUI.
  2882 | D:2      | 2882 ||| READING scroll labelled FOISIC WORIU.
  2885 | D:2      | 2885 ||| READING scroll labelled YTWOUS PIVUEM.
  2931 | D:3      | Noticed Ijyb
  2951 | D:3      | HP: 7/36 [Ijyb/+0 club (3)]
  2954 | D:3      | Constricted to death by Ijyb

Levels and vault maps discovered:
D:1:      minmay_arrival_cross, layout_rooms, serial_shops, shop
D:2:      layout_basic, hellmonk_ecumenical_altar_leap_of_faith,
          kennysheep_generic_room_14
D:3:      layout_basic, ebering_ghost_reflecting_pool, uniq_jessica, uniq_ijyb,
          uniq_crazy_yiuf_cottage

Skill      XL: |  1  2  3 |
---------------+----------+-----
Axes           | 1 2 |  2.5
Fighting       | 1 2 |  2.0
Dodging        | |  1.7
Stealth        | |  2.1
Spellcasting   | |  1.7
Summonings     | |  3.6

Action                   |  1- 3 |  4- 6 || total
-------------------------+-------+-------++-------
Melee: Short sword       |   130 |    26 ||   156
       Unarmed           |    10 |       ||    10
       Punch             |     1 |     1 ||     2
 Cast: Summon Small Mamm |    54 |       ||    54
  Use: Scroll            |     5 |     3 ||     8
       Potion            |     1 |       ||     1
 Stab: Distracted        |     1 |       ||     1
Armor: Robe              |    25 |       ||    25
       Chain mail        |    17 |     5 ||    22
Dodge: Dodged            |    80 |     6 ||    86

Table legend:
 A = Non-vault XP
 B = Vault XP
 C = Vault XP percentage of total XP
 D = Non-vault monster count
 E = Vault monster count
 F = Vault count percentage of total count
                 A         B        C        D         E       F
            +---------+---------+-------+---------+---------+-------
      Total |      82 |       6 |   6.8 |      43 |       2 |   4.4
            +---------+---------+-------+---------+---------+-------
        D:1 |      44 |       0 |   0.0 |      27 |       0 |   0.0
        D:2 |      38 |       6 |  13.6 |      16 |       2 |  11.1
            +---------+---------+-------+---------+---------+-------
